 Dungeon Crawl Stone Soup version 0.29-a0-541-gaf1fc19f1b (webtiles) character file.

Game seed: 10774889233962763095

15572 rocketpapaya the Tortoise (level 12, -35/89 HPs)
             Began as a Meteoran Fighter on June 3, 2022.
             Was a Priest of Qazlal.
             Annihilated by an enormous slime creature (68 damage)
             ... on level 12 of the Dungeon.
             The game lasted 00:31:39 (4312 turns).

rocketpapaya the Tortoise (Meteoran Fighter)        Turns: 4312, Time: 00:31:40

Health: -35/89     AC: 18    Str: 21    XL:     12   Next: 96%
Magic:  19/19      EV:  7    Int: 15    God:    Qazlal [***...]
Gold:   597        SH: 16    Dex: 15    Spells: 11/11 levels left

rFire   . . .      SeeInvis .   w - +11 flail of Balance {vorpal, Int+4}
rCold   . . .      Faith    .   c - +0 buckler
rNeg    . . .      Spirit   .   i - +0 plate armour
rPois   .          Reflect  +   j - +0 helmet
rElec   .          Harm     .   (no cloak)
rCorr   .          Rampage  .   (no gloves)
Will    +....                   (no boots)
Stlth   ..........              k - amulet of reflection
HPRegen 0.24/turn               (no ring)
MPRegen 0.16/turn               (no ring)

@: glowing
A: sense surroundings 2, otherworldly, glowing, explore regen
a: Renounce Religion, Upheaval, Elemental Force


You were on level 12 of the Dungeon.
You worshipped Qazlal.
Qazlal was most pleased with you.
You visited 1 branch of the dungeon, and saw 13 of its levels.

You collected 597 gold pieces.

Inventory:

Hand Weapons
 w - the +11 flail of Balance (weapon) {vorpal, Int+4}
   (You found it on level 7 of the Dungeon)

   It inflicts extra damage upon your enemies.
   Int:       It affects your intelligence (+4).
Missiles
 y - a curare-tipped dart (quivered)
Armour
 c - a +0 buckler (worn)
 i - a +0 plate armour (worn)
 j - a +0 helmet (worn)
 z - a +2 ring mail of fire resistance
Jewellery
 k - an amulet of reflection (around neck)
Wands
 m - a wand of flame (37)
 t - a wand of charming (1)
 v - a wand of iceblast (5)
Scrolls
 a - 2 scrolls of enchant armour {unknown}
 e - 3 scrolls of blinking
 f - 4 scrolls of teleportation
 g - a scroll of poison
 h - a scroll of fog {unknown}
 o - a scroll of fear
 p - 2 scrolls of amnesia {unknown}
 q - a scroll of magic mapping {unknown}
 s - a scroll of torment {unknown}
 B - a scroll of vulnerability {unknown}
 C - a scroll of immolation {unknown}
Potions
 b - 3 potions of flight
 d - a potion of resistance
 l - 2 potions of mutation
 n - 5 potions of curing
 r - a potion of brilliance
 x - a potion of magic {unknown}
 A - a potion of heal wounds {unknown}


   Skills:
 - Level 3.2 Fighting
 - Level 14.0 Maces & Flails
 - Level 15.2 Armour
 - Level 10.7 Shields
 + Level 9.0 Invocations


You had 11 spell levels left.
You didn't know any spells.
Your spell library contained the following spells:

 Spells                   Type           Power      Damage    Failure   Level
 Sting                    Tmut/Pois      0%         1d3       97%         1
 Poisonous Vapours        Pois/Air       0%         N/A       99%         2
 Portal Projectile        Hex/Tloc       0%         N/A       100%        3
 Tukima's Dance           Hex            0%         N/A       100%        3
 Anguish                  Hex/Necr       0%         N/A       100%        4
 Olgreb's Toxic Radiance  Pois           0%         N/A       100%        4
 Blade Hands              Tmut           0%         N/A       100%        5
 Enfeeble                 Hex            0%         N/A       100%        7


Dungeon Overview and Level Annotations

Branches:
Dungeon (13/15)            Temple (0/1) D:7            Lair (0/6) D:10
    Orc (0/2) D:12
 Vaults: D:13-14

Altars:
Dithmenos
Elyvilon
Fedhas
Gozag
Hepliaklqana
Nemelex Xobeh
Qazlal
Ru
Sif Muna
Uskayaw
The Shining One

Annotations:
D:5 Sigmund
D:6 Eustachio, Pikel
D:8 1 runed translucent door, benadryl's ghost, novice MfBr


Innate Abilities, Weirdness & Mutations

You passively map the area around you.
You are easily found by Zot.
You glow in the dark.
You regain HP and MP as you explore.


Message History

The slime creature hits you but does no damage.
Two slime creatures merge to form an enormous slime creature.
You barely miss the slime creature.
The slime creature is almost dead.
You block the slime creature's attack.
You thump the slime creature!
You kill the slime creature!
Qazlal accepts your kill.
You see here a scroll of blinking.
e - 3 scrolls of blinking (gained 1)
You thump the slime creature!
The slime creature is lightly wounded.
You sock the slime creature!
The slime creature is moderately wounded.
The sentinel's mark upon you fades away.
You block the slime creature's attack.
You bludgeon the slime creature!!
The slime creature is severely wounded.
The slime creature hits you but does no damage.
You hit the slime creature.
The slime creature is almost dead.
The enormous slime creature barely misses you.
The slime creature barely misses you.
You bludgeon the slime creature!!
You kill the slime creature!
Qazlal accepts your kill.
Your Invocations skill increases to level 9!
The enormous slime creature attacks as you move away!
You block the enormous slime creature's attack.
The enormous slime creature attacks as you move away!
You block the enormous slime creature's attack.
The enormous slime creature attacks as you move away!
The enormous slime creature hits you!!!
Ouch! That really hurt!
The enormous slime creature attacks as you move away!
You block the enormous slime creature's attack.
The enormous slime creature attacks as you move away!
The enormous slime creature hits you!!!
Ouch! That really hurt!
You die...

##...... #..# #..>.#.# #.....
##...?... .......<.###.* ###.....
.#.##...#J,##...... *#...##..
....###.##........., , .........
.....>............. , ,..#####..
...........####.... ,,... ####..
...........# ##### ... .......
..#........# #####....., ######.
...(.<.....# #.@...# * ########
###........####J##### ........
###.............##### ........
..............°.....#* ........
.....#..##.......##..# #........
......#....###.#..##.## #........
......###......##..#...##........
......###.###....................
.^....##..# ###.#.#........###...


You could see an enormous slime creature.

Vanquished Creatures
  A hydra (D:12)
  2 centaur warriors (D:13)
  3 two-headed ogres
  A cyclops (D:12)
  Maggie (D:6)
  2 unseen horrors (D:12)
  2 trolls
  4 slime creatures (D:12)
  A hornet (shapeshifter) (D:13)
  Prince Ribbit (D:6)
  A shadow (D:10)
  2 wraiths
  A wyvern (D:9)
  18 yaks
  10 vampire mosquitoes
  3 wargs (D:10)
  2 water moccasins
  Duvessa (D:7)
  A black bear (D:4)
  4 orc warriors
  An ice beast (D:5)
  An ogre (D:5)
  15 centaurs
  A phantom (D:5)
  5 bullfrogs
  3 kobold brigands
  A gnoll sergeant (D:11)
  Dowan (D:7)
  10 killer bees
  4 howler monkeys
  4 hounds
  7 orc priests
  A gnoll shaman (D:6)
  A jelly (D:7)
  3 iguanas
  12 orc wizards
  10 gnolls
  4 adders
  A shadow imp (D:7)
  3 white imps
  2 worms
  25 orcs
  9 ball pythons
  4 bats
  5 endoplasms
  5 giant cockroaches
  3 goblins
  9 hobgoblins
  21 kobolds
  A quokka (D:5)
  A frilled lizard (D:1)
  4 rats
238 creatures vanquished.

Vanquished Creatures (collateral kills)
  An orc warrior (D:12)
  2 orcs (D:12)
3 creatures vanquished.

Vanquished Creatures (others)
  A plant (D:10)
1 creature vanquished.

Grand Total: 242 creatures vanquished

Notes
Turn   | Place    | Note
-------+----------+-------------------------------------------
     0 | D:1      | rocketpapaya the Meteoran Fighter began the quest for the
                  | Orb.
     0 | D:1      | Reached XP level 1. HP: 19/19 MP: 2/2
    69 | D:1      | Reached XP level 2. HP: 22/26 MP: 3/3
   233 | D:2      | Reached XP level 3. HP: 19/31 MP: 4/4
   440 | D:1      | Reached skill level 5 in Maces & Flails
   495 | D:2      | Reached XP level 4. HP: 38/38 MP: 5/5
   679 | D:3      | Identified the +6 rapier "Jelly's Funeral" {vorpal, Contam
                  | rPois rN+ Str+3}
   962 | D:4      | Reached XP level 5. HP: 42/45 MP: 6/6
   995 | D:4      | Found a sparkling altar of Nemelex Xobeh.
  1028 | D:4      | Noticed a black bear
  1037 | D:4      | Killed a black bear
  1038 | D:4      | Reached XP level 6. HP: 51/51 MP: 7/7
  1110 | D:4      | Found a white marble altar of Elyvilon.
  1119 | D:4      | Reached XP level 7. HP: 41/57 MP: 8/8
  1164 | D:4      | Found an opulent altar of Gozag.
  1203 | D:5      | Entered Level 5 of the Dungeon
  1228 | D:5      | Found a sacrificial altar of Ru.
  1241 | D:5      | Noticed Sigmund
  1437 | D:6      | Reached skill level 10 in Maces & Flails
  1448 | D:6      | Noticed Eustachio
  1470 | D:6      | Noticed Pikel
  1518 | D:5      | Reached XP level 8. HP: 63/63 MP: 9/9
  1533 | D:5      | Found a glowing golden altar of the Shining One.
  1610 | D:5      | Found a hide-covered altar of Uskayaw.
  1772 | D:5      | Found a shadowy altar of Dithmenos.
  1820 | D:6      | Noticed Prince Ribbit
  1835 | D:6      | Killed Prince Ribbit
  1877 | D:6      | Gained mutation: You passively map the area around you.
                  | [Meteoran growth]
  1877 | D:6      | Reached XP level 9. HP: 42/70 MP: 10/10
  1938 | D:6      | Noticed Maggie
  1951 | D:6      | Killed Maggie
  1967 | D:6      | Found a stormy altar of Qazlal.
  1975 | D:6      | Became a worshipper of Qazlal Stormbringer
  1994 | D:6      | Reached skill level 4 in Armour
  2000 | D:6      | Reached skill level 5 in Armour
  2091 | D:7      | Found a staircase to the Ecumenical Temple.
  2114 | D:7      | Identified the +11 flail of Balance {vorpal, Int+4}
  2115 | D:7      | Noticed Duvessa
  2129 | D:7      | Noticed Dowan
  2132 | D:7      | Killed Duvessa
  2133 | D:7      | Reached skill level 6 in Armour
  2143 | D:7      | Killed Dowan
  2266 | D:7      | Reached * piety under Qazlal
  2404 | D:8      | Found a runed translucent door.
  2404 | D:8      | Noticed benadryl's ghost (novice MfBr)
  2582 | D:8      | Reached skill level 7 in Armour
  2654 | D:9      | Found a blossoming altar of Fedhas.
  2699 | D:9      | Reached skill level 8 in Armour
  2699 | D:9      | Reached XP level 10. HP: 77/77 MP: 11/11
  2828 | D:9      | Reached skill level 9 in Armour
  2926 | D:9      | Reached skill level 10 in Armour
  2939 | D:9      | Reached skill level 11 in Armour
  3076 | D:10     | Entered Level 10 of the Dungeon
  3081 | D:10     | Reached skill level 12 in Armour
  3139 | D:10     | Reached XP level 11. HP: 33/82 MP: 12/12
  3146 | D:10     | Reached skill level 13 in Armour
  3183 | D:10     | Reached ** piety under Qazlal
  3211 | D:10     | Found a hazy altar of Hepliaklqana.
  3220 | D:10     | Found a shimmering blue altar of Sif Muna.
  3260 | D:10     | Reached skill level 14 in Armour
  3284 | D:10     | Found a staircase to the Lair.
  3310 | D:10     | Reached skill level 15 in Armour
  3457 | D:11     | Reached *** piety under Qazlal
  3469 | D:11     | Reached skill level 5 in Shields
  3681 | D:11     | Noticed a two-headed ogre
  3689 | D:11     | Killed a two-headed ogre
  3823 | D:12     | Noticed a six-headed hydra
  3833 | D:12     | Killed a six-headed hydra
  3834 | D:12     | Reached XP level 12. HP: 79/89 MP: 13/13
  3870 | D:12     | Noticed a two-headed ogre
  3887 | D:12     | Killed a two-headed ogre
  3943 | D:12     | Found a staircase to the Orcish Mines.
  4057 | D:12     | Reached skill level 10 in Shields
  4092 | D:13     | Noticed a centaur warrior
  4094 | D:13     | Noticed a two-headed ogre
  4100 | D:13     | Killed a centaur warrior
  4105 | D:13     | Reached skill level 1 in Invocations
  4108 | D:13     | Killed a two-headed ogre
  4134 | D:13     | Reached skill level 5 in Invocations
  4190 | D:13     | Noticed a centaur warrior
  4193 | D:13     | Killed a centaur warrior
  4312 | D:12     | Annihilated by an enormous slime creature

Illustrated notes

Levels and vault maps discovered:
D:1:      heliophobic_arrival_battle_scene, layout_basic, st_stairs_12,
          minmay_misc_feat_rugged
D:2:      layout_basic, basic_ecumenical_altar
D:3:      layout_loops_corners, minmay_misc_feat_chi
D:4:      layout_rooms, mainiacjoe_overflow_six_doors_small,
          mainiacjoe_overflow_catwalk, mainiacjoe_overflow_24_doors,
          tgw_kikubaaqudgha, nemelex_altar_shiori
D:5:      layout_layer_cave, mainiacjoe_overflow_tiny_flanked, tso_metal_star,
          nicolae_ru_path_of_blood, old_standard_altar, uniq_sigmund
D:6:      layout_basic, mainiacjoe_overflow_surrounded_room,
          nicolae_water_bricks, kb_lookout_dungeons_type,
          kennysheep_generic_room_10, uniq_pikel, uniq_prince_ribbit1,
          uniq_maggie, uniq_eustachio
D:7:      layout_cave_pools, temple_pool_b, uniq_duvessa
D:8:      layout_basic, hellmonk_ghost_happy_afterlife
D:9:      layout_irregular_city, mainiacjoe_overflow_alcove_4,
          skrybe_limestone_x
D:10:     layout_roguey, mainiacjoe_overflow_big_doors,
          erik_lair_orcish_takeover
D:11:     layout_stronghold
D:12:     layout_rooms, david_orc_4, hangedman_abyss_or_decor_clamps
D:13:     layout_rooms, lightli_vaults_fourway_checkpoint,
          ebering_ghost_reflecting_pool

Skill      XL: |  1  2  3  4  5  6  7  8  9 10 11 12 |
---------------+-------------------------------------+-----
Maces & Flails | 3 4 5 6 8 10 12 14 | 14.0
Armour         | 8 12 15 | 15.2
Shields        | 8 10 | 10.7
Invocations    | 9 |  9.0
Fighting       | |  3.2

Action                   |  1- 3 |  4- 6 |  7- 9 | 10-12 || total
-------------------------+-------+-------+-------+-------++-------
Melee: Flail             |    92 |    86 |   233 |   373 ||   784
Invok: Upheaval          |       |       |       |     2 ||     2
Evoke: Wand              |       |       |     3 |     4 ||     7
  Use: Scroll            |     3 |     3 |     5 |     2 ||    13
       Potion            |       |     1 |     3 |     1 ||     5
Armor: Scale mail        |    38 |       |       |       ||    38
       Plate armour      |    19 |    46 |    84 |   199 ||   348
Dodge: Dodged            |    26 |     9 |    27 |    79 ||   141
Block: Buckler           |    22 |    37 |    92 |   257 ||   408
       Reflection        |       |     1 |     5 |    29 ||    35

Table legend: (Time is in decaauts)
 A = Elapsed time spent in this place.
 B = Non-inter-level travel time spent in this place.
 C = Inter-level travel time spent in this place.
 D = Time resting spent in this place.
 E = Time spent auto-exploring this place.
 F = Levels seen in this place.
 G = Mean time per level.
                   A        B        C        D        E       F      G
               +--------+--------+--------+--------+--------+-----+--------+
         Total |   4202 |   4125 |     77 |      8 |      0 |  13 |  323.2 |
       Dungeon |   4202 |   4125 |     77 |      8 |      0 |  13 |  323.2 |
               +--------+--------+--------+--------+--------+-----+--------+

Top non-repeatable levels by time:
     D:5: 478 daAuts
     D:9: 445 daAuts
     D:3: 406 daAuts
    D:12: 360 daAuts
     D:4: 343 daAuts
    D:10: 330 daAuts
     D:2: 309 daAuts
     D:6: 292 daAuts
    D:11: 291 daAuts
     D:7: 285 daAuts
     D:8: 262 daAuts
     D:1: 242 daAuts
    D:13: 153 daAuts
